Map: Ruins of Seras

Players

lesha - Winner!

  • Race: Terran Terran
  • League: Silver

RiDdle

  • Race: Terran Terran
  • League: Gold

VOD

Have the link to the VOD?

Description

Time

  • Played on: Dec. 29, 2015, 10:17 a.m.
  • Length: 22:40
Show
View Real Time Build Order
Export as new Build Order

lesha Terran - Winner!

Build Orders: Reaper Expand, MMM Bio 

Get SALT Encoding   

  12  0:06  SCV  
  13  0:18  SCV  
  14  0:22  Supply Depot  
  14  0:30  SCV  
  15  0:44  SCV  
  15  0:46  Barracks  
  16  0:52  Refinery  
  16  0:56  SCV  
  17  1:08  SCV  
  18  1:20  SCV  
  19  1:33  Orbital Command  
  19  1:35  Reaper  
  20  1:51  Command Center  
  20  2:11  Refinery  
  20  2:15  Barracks  
  20  2:20  Supply Depot  
  20  2:21  SCV  
  21  2:33  SCV  
  21  2:34  Factory  
  22  2:45  SCV  
  23  2:57  SCV  
  23  3:07  Barracks Reactor  
  23  3:09  SCV  
  24  3:13  Orbital Command  
  23  3:20  Barracks Reactor  
  23  3:21  Factory Tech Lab  
  23  3:22  SCV  
  24  3:28  Barracks  
  24  3:34  SCV  
  25  3:37  Starport  
  25  3:42  SCV  
  25  3:46  SCV  
  27  3:50  Engineering Bay  
  27  3:54  SCV  
  28  3:58  SCV  
  28  4:00  Marine x3  
  28  4:01  Marine  
  33  4:09  SCV  
  34  4:10  SCV  
  35  4:21  SCV  
  35  4:22  Marine x3  
  35  4:23  Barracks Reactor  
  39  4:25  Barracks Tech Lab  
  39  4:28  Starport Reactor  
  39  4:31  SCV  
  39  4:33  SCV  
  41  4:43  SCV  
  42  4:47  Missile Turret  
  42  4:49  Terran Infantry Weapons Level 1  
  42  4:51  Stimpack, Marine  
  42  4:52  Marine  
  43  4:54  Marine  
  43  4:57  SCV  
  46  5:07  Supply Depot  
  46  5:08  Missile Turret  
  46  5:11  Supply Depot  
  46  5:13  Engineering Bay  
  46  5:28  SCV x2, Marine x3  
  46  5:29  Missile Turret  
  51  5:40  Supply Depot, Marine x2  
  51  5:41  SCV x2, Supply Depot  
  55  5:42  Medivac  
  55  5:44  Supply Depot  
  55  5:46  Marine x2  
  55  5:47  Marine  
  60  5:51  Medivac  
  60  5:53  Missile Turret  
  60  6:02  SCV x2  
  60  6:03  Marine  
  60  6:04  Marine x2  
  65  6:14  SCV x2, Barracks  
  65  6:16  Marine  
  65  6:17  Missile Turret, Marine  
  69  6:19  Medivac  
  69  6:21  Marine  
  69  6:24  Siege Tank  
  75  6:27  Marine  
  76  6:33  Terran Infantry Armor Level 1  
  76  6:36  Supply Depot  
  76  6:39  Refinery  
  76  6:41  Refinery  
  74  6:51  Combat Shields  
  74  7:04  Missile Turret  
  74  7:07  Missile Turret  
  74  7:13  Marine x4  
  74  7:14  Marine  
  74  7:15  Missile Turret  
  80  7:17  Barracks Reactor  
  80  7:18  SCV x2  
  81  7:30  SCV  
  81  7:31  Marine x2  
  66  8:06  Marine x6  
  66  8:07  Marine  
  66  8:08  Medivac x2  
  75  8:24  Marine x2  
  75  8:26  Marine x2  
  75  8:27  Marine x3  
  81  8:38  Medivac  
  81  8:39  Medivac  
  85  8:41  Marine  
  85  8:42  Marine  
  85  8:44  Marine x4  
  85  8:45  Marine  
  85  8:47  Command Center  
  92  8:59  Marine  
  93  9:08  Medivac  
  95  9:19  Marine x7  
  102  9:27  Supply Depot  
  102  9:29  Supply Depot  
  102  9:30  Supply Depot  
  102  9:31  Supply Depot x2  
  102  9:34  Supply Depot  
  102  9:40  Medivac, Marine x3  
  102  9:49  Medivac  
  101  9:57  Marine x4  
  101  9:58  Marine x3  
  91  10:15  Marine x4  
  91  10:16  Marine  
  96  10:24  Marine x2  
  96  10:33  Marine x5  
  93  10:42  Marine  
  93  10:43  Marine  
  93  10:44  Medivac x2  
  99  10:50  Marine  
  99  10:51  Marine x2  
  100  11:02  Marine x2  
  100  11:03  Marine x2  
  104  11:08  Marine x3  
  104  11:10  Barracks  
  107  11:14  Command Center, Medivac  
  107  11:16  Barracks  
  109  11:20  Marine x4  
  112  11:26  Marine x3  
  104  11:36  Medivac  
  104  11:38  Marine x4  
  110  11:44  Marine x3  
  113  11:51  Orbital Command  
  113  11:56  Marine x3  
  116  12:10  Barracks  
  116  12:12  Barracks Reactor x2  
  116  12:13  Barracks, Marine x4  
  116  12:14  Medivac, Marine  
  123  12:41  Marine x7  
  109  12:58  Marine x2  
  109  12:59  Marine x5  
  111  13:16  Marine x3  
  111  13:17  Marine x7  
  111  13:18  Marine  
  92  13:21  Medivac x2  
  92  13:26  Orbital Command  
  96  13:29  SCV x3  
  99  13:34  Marine x5  
  99  13:35  Refinery, Marine x3  
  99  13:38  Refinery  
  99  13:41  SCV x3  
  110  13:48  Barracks Tech Lab x2  
  110  13:50  Marauder  
  110  13:52  Medivac  
  110  13:53  Medivac  
  110  13:54  Marine x2  
  110  13:55  Marine x7  
  122  13:56  Marine  
  126  14:12  Marine x4, Marauder  
  126  14:13  Marine x4  
  136  14:20  SCV x4  
  140  14:32  SCV x3, Refinery x2  
  140  14:33  SCV  
  140  14:35  Marine x3  
  147  14:44  SCV x2  
  147  14:45  SCV x2  
  151  14:56  SCV  
  151  14:57  SCV  
  151  15:29  Command Center  
  117  15:43  Marine x6  
  117  15:44  Marine x5  
  99  15:55  Marine x2  
  97  16:00  Medivac x2  
  97  16:01  Marine x7  
  97  16:02  Marine x4  
  112  16:07  Armory  
  112  16:09  Concussive Shells  
  112  16:13  Marine x2  
  114  16:18  Marine x2  
  114  16:19  Marine x7  
  114  16:20  Marauder  
  125  16:29  SCV x4  
  125  16:30  Medivac x2  
  125  16:31  Marauder x2  
  137  16:35  Marine  
  137  16:36  Marine x3  
  137  16:37  Marine x5  
  146  16:41  SCV x2  
  146  16:42  Marauder  
  150  16:52  Marauder  
  152  17:00  Marine x3, Medivac x2  
  152  17:01  Command Center, Marine x8  
  161  17:03  Marine  
  168  17:08  Terran Infantry Weapons Level 2  
  168  17:12  Terran Infantry Armor Level 2  
  168  17:13  Marine  
  169  17:18  Marine x2  
  169  17:20  Marauder  
  169  17:21  Marauder  
  175  17:23  Command Center  
  175  17:28  Orbital Command  
  175  17:30  Medivac  
  175  17:36  Marine x3  
  175  17:37  Marine x7  
  180  17:38  Marine  
  180  17:41  Marine  
  180  17:42  Medivac, Marine  
  192  17:54  Marine x3  
  192  17:56  Marine  
  195  18:07  Marauder  
  195  18:08  Marauder  
  195  18:09  Marauder  
  186  18:29  Marauder x2  
  186  18:31  Marauder  
  187  18:34  Marine x2  
  187  18:35  Marine x8  
  187  18:38  Medivac x2  
  196  18:51  Marine  
  196  18:52  Marine x4  
  196  18:53  Marine x3  
  199  18:56  Marine x2  
  199  19:01  Marine  
  197  19:08  Medivac x2  
  197  19:09  Marine  
  199  19:10  Marine x2  
  199  19:14  Marine x2  
  176  19:38  Medivac  
  168  20:01  Marine x3  
  161  21:01  Barracks  
  161  21:05  Barracks  
  161  21:06  Barracks x2  
  161  21:07  Barracks x2  
  161  21:10  Barracks  
  161  21:11  Barracks, Orbital Command  
  161  21:12  Barracks, Orbital Command  
  161  21:15  Barracks  
  161  21:35  Supply Depot  
  161  21:36  Supply Depot  
  161  21:37  Supply Depot  
  161  21:39  Supply Depot  
  161  21:40  Supply Depot x3  
  161  21:42  Supply Depot  
  161  21:45  Supply Depot  
  161  21:46  Supply Depot, Marine  
  161  21:47  Marine x2  
  164  22:04  Marine x2  
  164  22:05  Marine  
Show
View Real Time Build Order
Export as new Build Order

RiDdle Terran 

Build Orders: Liberator Opening, MMM Bio 

Get SALT Encoding   

  12  0:01  SCV  
  13  0:16  Supply Depot  
  13  0:19  SCV  
  14  0:27  Refinery  
  14  0:31  SCV  
  15  0:43  Barracks  
  15  0:47  SCV  
  16  1:03  Barracks  
  16  1:05  SCV  
  17  1:17  SCV  
  18  1:31  Orbital Command  
  18  1:32  Marine  
  18  1:38  Supply Depot  
  19  1:50  Marine  
  20  1:57  Factory  
  20  2:00  Marine  
  21  2:06  SCV  
  21  2:08  Marine  
  23  2:18  Marine  
  23  2:21  SCV  
  25  2:34  Marine  
  26  2:39  SCV  
  27  2:47  Starport  
  27  2:51  SCV  
  27  2:52  Barracks Tech Lab  
  27  2:54  Marine  
  27  2:55  Widow Mine  
  31  3:14  Supply Depot  
  31  3:22  Marine, Liberator  
  31  3:34  Supply Depot  
  31  3:35  SCV  
  35  3:42  Barracks Tech Lab  
  35  3:43  Supply Depot, Widow Mine  
  35  3:48  SCV  
  38  3:58  Command Center  
  38  3:59  Barracks Reactor  
  38  4:00  SCV  
  39  4:07  Refinery  
  39  4:09  Supply Depot  
  39  4:12  SCV  
  39  4:14  Supply Depot  
  40  4:29  SCV  
  41  4:40  Banshee  
  41  4:41  SCV  
  45  4:47  Factory Tech Lab  
  45  4:48  Engineering Bay  
  45  4:52  Supply Depot  
  45  4:53  SCV  
  46  5:01  Stimpack  
  46  5:05  SCV  
  47  5:14  Orbital Command  
  47  5:15  Bunker  
  47  5:23  Siege Tank  
  50  5:33  SCV  
  51  5:39  Supply Depot  
  51  5:41  SCV  
  51  5:42  Missile Turret  
  52  5:45  SCV  
  53  5:53  Supply Depot, SCV  
  53  5:56  Refinery  
  54  5:57  SCV  
  54  6:00  Refinery  
  54  6:01  Missile Turret  
  55  6:05  SCV  
  55  6:07  Cloaking Field  
  55  6:08  Siege Tank  
  55  6:10  SCV  
  60  6:18  SCV  
  61  6:19  Supply Depot  
  61  6:29  SCV  
  61  6:30  SCV  
  61  6:31  Marine x2  
  61  6:32  Marauder  
  67  6:34  Terran Infantry Weapons Level 1  
  67  6:41  SCV  
  67  6:42  SCV  
  69  6:53  Missile Turret  
  69  6:54  SCV x2  
  69  6:57  Marine x2  
  69  6:58  Marauder  
  75  7:02  Barracks  
  75  7:06  SCV x2  
  77  7:08  Barracks  
  77  7:14  Missile Turret  
  77  7:22  Missile Turret  
  77  7:29  SCV x2  
  68  7:48  Marauder, Marine x2  
  69  7:58  SCV x2  
  60  8:05  Barracks  
  49  8:06  Marine x2  
  49  8:10  SCV x2, Marauder  
  53  8:22  SCV  
  53  8:23  Marine  
  53  8:24  Marine  
  56  8:29  Terran Infantry Armor Level 1  
  56  8:31  Marauder  
  58  8:34  Viking  
  58  8:38  SCV x2  
  62  8:41  Marine x2  
  64  8:53  Marauder  
  64  8:54  Barracks Reactor  
  66  8:56  Armory  
  66  8:57  Siege Tank  
  66  8:59  Marine x2  
  71  9:04  Viking  
  71  9:05  Barracks Reactor  
  71  9:06  Supply Depot  
  71  9:09  SCV x2  
  75  9:13  Marine  
  76  9:17  Marine x2  
  76  9:18  Command Center  
  76  9:21  SCV x2  
  76  9:23  Combat Shields  
  80  9:31  Marine  
  80  9:34  Missile Turret  
  80  9:35  Marine  
  80  9:37  Missile Turret  
  81  9:50  Marauder  
  74  9:58  Missile Turret  
  68  10:06  Marine x4  
  68  10:07  Marine  
  62  10:10  Marine  
  62  10:11  Marauder  
  55  10:22  Barracks  
  55  10:24  Marine x2  
  55  10:27  Marine  
  55  10:32  Marauder  
  51  10:39  SCV  
  52  10:51  SCV  
  52  10:54  Marauder  
  55  11:00  Marine x5  
  55  11:03  SCV  
  61  11:08  Concussive Shells  
  61  11:15  SCV, Terran Infantry Weapons Level 2, Marauder  
  61  11:17  Marine  
  61  11:18  Marine x4  
  69  11:30  Factory Reactor  
  69  11:35  Marine  
  69  11:36  Marauder  
  69  11:39  Bunker  
  72  11:40  Marine x2  
  72  11:41  Marine  
  75  11:48  Supply Depot  
  75  11:53  SCV  
  76  11:57  SCV  
  76  11:58  Marauder  
  79  12:11  Orbital Command  
  79  12:13  Barracks Reactor  
  79  12:17  Missile Turret, Marine  
  79  12:18  Marine  
  79  12:19  Marauder  
  83  12:23  Supply Depot  
  83  12:24  SCV  
  84  12:37  SCV  
  85  12:41  Marauder  
  87  12:45  Missile Turret  
  87  12:52  Barracks  
  87  12:54  Starport Reactor  
  87  12:55  Barracks  
  84  13:02  Marauder  
  84  13:04  Marine  
  84  13:05  Marine x3  
  88  13:19  Marine x3  
  91  13:22  Marine x2  
  91  13:23  Marine x3  
  91  13:26  Supply Depot  
  96  13:37  SCV x2  
  98  13:46  Terran Vehicle Weapons Level 1  
  98  13:47  Missile Turret  
  98  13:49  SCV  
  98  13:53  Terran Infantry Armor Level 2  
  98  13:55  Widow Mine  
  99  14:00  Widow Mine  
  103  14:18  Barracks Reactor, Refinery  
  103  14:19  Missile Turret  
  103  14:20  Marine x2  
  103  14:21  Marauder, Marine  
  107  14:37  Medivac x2  
  111  15:07  Medivac x2  
  111  15:23  Marine  
  111  15:24  Marauder  
  91  15:43  Marauder, Marine x2  
  79  15:51  Marine  
  80  16:09  Terran Infantry Weapons Level 3  
  80  16:17  Medivac x2  
  84  16:22  Marine  
  85  16:44  Marauder, Marine  
  88  16:49  Orbital Command  
  88  17:04  Marine x3  
  88  17:05  Marine x2, Marauder  
  88  17:06  Marine  
  97  17:15  SCV x2  
  98  17:28  Marine  
  98  17:29  Marauder  
  101  17:52  Marauder, Marine x4  
  101  17:53  Marauder, Marine x2  
  52  18:28  Marine x3  
  52  18:29  Marauder x2  
  37  18:50  Marauder  
  37  18:53  Marine  
  19  20:13  Orbital Command  
  2  21:11  SCV  
  3  21:23  SCV  
  3  21:25  Marine  
  4  21:30  Marine  
  4  21:31  Marine  
  7  21:35  SCV  
  8  21:42  Supply Depot  
  8  21:43  Marine  
  9  21:48  Marine  
  9  21:49  Marine  
  11  22:01  Marine  
  11  22:04  SCV  
  11  22:06  Supply Depot  
  15  22:16  SCV  
Tags
 
Add a new tag
Caveats
  • Supply blocks, unpowered buildings, or Contaminate may cause inaccurate times.
  • Supply counts are checked every 10 seconds.